 Dungeon Crawl Stone Soup version 0.27.1-35-g4d5d836560 (console) character file.

Game seed: 3396825519584276877

4053 Banquo the Cleaver (level 10, -5/76 HPs)
             Began as a Formicid Fighter on Mar 15, 2022.
             Was an Elder of Makhleb.
             Slain by a nine-headed hydra (6 damage)
             ... on level 9 of the Dungeon.
             The game lasted 00:24:07 (7852 turns).

Banquo the Cleaver (Formicid Fighter)               Turns: 7852, Time: 00:24:08

Health: -5/76      AC:  6    Str: 24    XL:     10   Next: 48%
Magic:  14/14      EV: 11    Int:  8    God:    Makhleb [****..]
Gold:   543        SH: 11    Dex: 10    Spells: 9/9 levels left

rFire    . . .     SeeInvis +   a - +3 war axe (vorpal)
rCold    . . .     Faith    .   c - +1 kite shield
rNeg     + . .     Spirit   .   i - +0 troll leather armour {Purgy}
rPois    .         Reflect  .   (helmet unavailable)
rElec    .         Harm     .   (no cloak)
rCorr    .         Rampage  .   (no gloves)
Will     +....                  j - +0 pair of boots
Stlth    +.........             (no amulet)
HPRegen  1.22/turn              h - ring of positive energy
MPRegen  0.14/turn              (no ring)

@: no status effects
A: permanent stasis, dig shafts and tunnels, antennae 3, four strong arms
a: Dig, Shaft Self, Renounce Religion, Minor Destruction, Lesser Servant of
Makhleb, Major Destruction


You were on level 9 of the Dungeon.
You worshipped Makhleb.
Makhleb was greatly pleased with you.
You visited 1 branch of the dungeon, and saw 9 of its levels.

You collected 543 gold pieces.

Inventory:

Hand Weapons
 a - a +3 vorpal war axe (weapon)
 f - a +0 war axe of draining
 p - a +2 vorpal spear
 q - a +0 spear
 t - a +1 whip of electrocution
 u - the +11 falchion "Widowermaker" {holy, Str+4}
   (You found it on level 4 of the Dungeon)

   It has been blessed by the Shining One to cause great damage to the undead
   and demons.
   Str:       It affects your strength (+4).
 z - a +2 spear of venom
 A - a +4 trident
 C - a +2 vorpal war axe
 E - a +1 mace of holy wrath
Missiles
 g - 13 poisoned darts
 v - 3 silver boomerangs
Armour
 b - a +0 scale mail
 c - a +1 kite shield (worn)
 i - a +0 troll leather armour (worn) {Purgy}
 j - a +0 pair of boots (worn)
 y - a +0 plate armour
 B - a +1 ring mail of fire resistance
Jewellery
 h - a ring of positive energy (left hand)
Wands
 x - a wand of mindburst (15)
Scrolls
 e - 3 scrolls of noise
 k - 3 scrolls of fog
 m - a scroll of magic mapping
 r - 3 scrolls of identify
 s - a scroll of brand weapon
Potions
 d - 2 potions of might
 l - 4 potions of curing
 n - a potion of flight
 o - a potion of lignification
 w - a potion of brilliance
 D - a potion of cancellation


   Skills:
 + Level 6.0 Fighting
 * Level 11.1 Axes
 + Level 4.6 Armour
 + Level 2.7 Dodging
 + Level 6.5 Shields
 * Level 6.1 Invocations


You had 9 spell levels left.
You didn't know any spells.
Your spell library contained the following spells:

 Spells                   Type           Power      Damage    Failure   Level
 Apportation              Tloc           0%         N/A       63%         1
 Beastly Appendage        Tmut           0%         N/A       63%         1
 Shock                    Conj/Air       0%         1d3       63%         1
 Sting                    Tmut/Pois      0%         1d3       63%         1
 Summon Small Mammal      Summ           0%         N/A       63%         1
 Passwall                 Tmut/Erth      0%         N/A       77%         2
 Call Canine Familiar     Summ           0%         N/A       94%         3
 Ozocubu's Armour         Ice            0%         N/A       94%         3
 Summon Guardian Golem    Hex/Summ       0%         N/A       94%         3
 Airstrike                Air            0%         N/A       100%        4
 Invisibility             Hex            0%         N/A       100%        6
 Ozocubu's Refrigeration  Ice            0%         4d5       100%        7
 Swiftness                Air            Unusable   N/A       N/A         3

Dungeon Overview and Level Annotations

Branches:
Dungeon (9/15)             Temple (0/1) D:6             Orc (0/2) D:9
   Lair: D:8-11

Altars:
Ashenzari
Fedhas
Hepliaklqana
Makhleb
Sif Muna
Vehumet
Beogh

Shops:
D:7 =:=

Annotations:
D:3 1 runed translucent door, Crazy Yiuf


Innate Abilities, Weirdness & Mutations

You cannot be hasted, slowed, berserked, paralysed or teleported.
You can dig through walls and to a lower floor.
You have a pair of large antennae on your head. (SInv)
Your four strong arms can wield two-handed weapons with a shield.


Message History

The kobold throws a stone.
The stone hits you.
Items here: ( ))))))))))))))))))))))) [[[[[[[ ††††††††††.
You barely miss the orc warrior. You block the orc warrior's attack. x2
You hit the orc warrior.
The orc warrior is moderately wounded.
You block the orc warrior's attack.
You slash the orc warrior!
The orc warrior is severely wounded.
You block the orc warrior's attack.
You barely miss the orc warrior.
The orc warrior is severely wounded.
You slice one of the eight-headed hydra's heads off!
The seven-headed hydra grows two more!
You slash the nine-headed hydra!
The nine-headed hydra is moderately wounded.
The nine-headed hydra closely misses you.
The nine-headed hydra misses you.
You block the nine-headed hydra's attack.
The nine-headed hydra closely misses you.
The nine-headed hydra bites you but does no damage.
You block the nine-headed hydra's attack.
The nine-headed hydra bites you. The nine-headed hydra bites you!
The nine-headed hydra bites you.
Are you sure you want to shaft yourself?
You block the nine-headed hydra's attack.
The nine-headed hydra bites you but does no damage.
The nine-headed hydra bites you. x2
You block the nine-headed hydra's attack.
The nine-headed hydra barely misses you.
You block the nine-headed hydra's attack.
The nine-headed hydra bites you! x2
You begin to dig a shaft.
You continue digging a shaft.
The nine-headed hydra bites you.
The nine-headed hydra completely misses you.
The nine-headed hydra bites you!
* * * LOW HITPOINT WARNING * * *
You block the nine-headed hydra's attack.
The nine-headed hydra bites you!
* * * LOW HITPOINT WARNING * * *
The nine-headed hydra bites you.
You die...

#........##.........###
#...(....##............
#........##.........##
#........##.........#
#.........##.
#####.....(.. {
###........
##D#........
#@#o#######. ###{# #.8
{ ..'. ..8{. ...#...o
...#.... ....#8._.>


You could see a nine-headed hydra.

Vanquished Creatures
  Grinder (D:6)
  5 humans
  A water moccasin (D:6)
  4 orc warriors
  Purgy (D:3)
  A sky beast (D:5)
  An ogre (D:5)
  2 necrophages
  2 centaurs (D:8)
  A phantom (D:4)
  2 kobold brigands
  2 scorpions
  3 bullfrogs
  A gnoll sergeant (D:7)
  A water moccasin zombie (D:5)
  A water moccasin skeleton (D:5)
  12 wights
  4 howler monkeys
  A jelly (D:7)
  4 orc priests
  A gnoll shaman (D:5)
  A hound (D:4)
  2 bullfrog skeletons (D:5)
  3 iguanas (D:6)
  3 orc wizards
  A hound skeleton (D:4)
  4 adders
  17 gnolls
  A howler monkey skeleton (D:6)
  A worm (D:4)
  6 dart slugs
  26 orcs
  3 endoplasms
  4 giant cockroaches
  6 hobgoblins
  6 jackals
  2 quokkas
  9 ball pythons
  8 bats
  2 frilled lizards
  11 goblins
  13 kobolds
  6 rats
186 creatures vanquished.

Notes
Turn   | Place    | Note
-------+----------+-------------------------------------------
     0 | D:1      | Banquo the Formicid Fighter began the quest for the Orb.
     0 | D:1      | Reached XP level 1. HP: 18/18 MP: 1/1
     1 | D:1      | Got Deowkee's Magic, Part One
   177 | D:1      | Reached XP level 2. HP: 22/24 MP: 2/2
   596 | D:1      | Reached skill level 3 in Axes
   688 | D:1      | Reached XP level 3. HP: 28/29 MP: 3/3
  1023 | D:2      | Reached skill level 4 in Axes
  1023 | D:2      | Reached XP level 4. HP: 34/35 MP: 4/4
  1313 | D:2      | Found a faded altar of an unknown god.
  1325 | D:2      | Became a worshipper of Makhleb the Destroyer
  1325 | D:2      | Reached * piety under Makhleb
  2197 | D:3      | Noticed Purgy
  2277 | D:3      | Found a runed translucent door.
  2278 | D:3      | Noticed Crazy Yiuf
  2651 | D:3      | Killed Purgy
  2652 | D:3      | Reached skill level 5 in Axes
  2652 | D:3      | Reached XP level 5. HP: 33/41 MP: 5/5
  2930 | D:3      | Reached skill level 1 in Invocations
  2954 | D:4      | Noticed an orc warrior
  3025 | D:3      | Reached XP level 6. HP: 35/47 MP: 6/6
  3488 | D:4      | Reached ** piety under Makhleb
  3570 | D:4      | Reached skill level 6 in Axes
  3571 | D:4      | Reached XP level 7. HP: 47/53 MP: 8/8
  3586 | D:4      | Identified the +11 falchion "Widowermaker" {holy, Str+4}
  3972 | D:5      | Entered Level 5 of the Dungeon
  4354 | D:5      | Reached skill level 7 in Axes
  4384 | D:5      | Reached XP level 8. HP: 48/60 MP: 9/9
  4392 | D:5      | Reached skill level 1 in Dodging
  4746 | D:4      | Reached skill level 8 in Axes
  5129 | D:6      | Noticed Grinder
  5136 | D:6      | Killed Grinder
  5171 | D:6      | Reached XP level 9. HP: 42/67 MP: 11/11
  5289 | D:6      | Reached skill level 9 in Axes
  5333 | D:6      | Reached skill level 5 in Shields
  5380 | D:6      | Found a staircase to the Ecumenical Temple.
  5416 | D:6      | Reached *** piety under Makhleb
  5417 | D:6      | Reached skill level 5 in Fighting
  5818 | D:7      | Found a blossoming altar of Fedhas.
  5892 | D:7      | You fall into a shaft and drop 2 floors!
  5969 | D:9      | Found a shimmering blue altar of Sif Muna.
  6030 | D:7      | Found Usekh's Book Shoppe.
  6527 | D:7      | Found Heet's Jewellery Shoppe.
  6557 | D:7      | Found a hazy altar of Hepliaklqana.
  6561 | D:7      | Found a broken altar of Ashenzari.
  6566 | D:7      | Found a radiant altar of Vehumet.
  6658 | D:7      | Found Bowetel's Jewellery Boutique.
  6782 | D:8      | Reached skill level 10 in Axes
  6860 | D:8      | Reached skill level 5 in Invocations
  6897 | D:8      | Reached XP level 10. HP: 73/74 MP: 13/13
  7697 | D:9      | Found a staircase to the Orcish Mines.
  7722 | D:9      | Reached skill level 11 in Axes
  7814 | D:9      | Reached **** piety under Makhleb
  7827 | D:9      | Noticed an eight-headed hydra
  7852 | D:9      | HP: 1/76 [nine-headed hydra (15)]
  7852 | D:9      | Slain by a nine-headed hydra

Illustrated notes

Levels and vault maps discovered:
D:1:      minmay_arrival_up_and_down, layout_loops_ring
D:2:      layout_basic, ebering_ecumenical_altar_box, minmay_misc_feat_x
D:3:      layout_basic, st_stairs_8, chequers_serial_rivers_large_b,
          minmay_misc_feat_enclosed, uniq_purgy, uniq_crazy_yiuf_cottage
D:4:      minmay_wonky_spiral, layout_cave_pods, grunt_ministairs_7
D:5:      layout_loops_ring
D:6:      layout_basic, minmay_temple_entry_overgrown, uniq_grinder
D:7:      layout_basic, grunt_temple_overflow_diamond,
          mainiacjoe_overflow_alcove_1, serial_shops, shop, shop,
          kennysheep_mini_moat
D:8:      layout_loops_ring, st_stairs_13, minmay_ruffians
D:9:      layout_basic, grunt_gozag_statues, nicolae_sif_muna_condensation,
          david_orc_5, uniq_gastronok

Skill      XL: |  1  2  3  4  5  6  7  8  9 10 |
---------------+-------------------------------+-----
Axes           | 3 4 5 6 7 8 10 11 | 11.1
Invocations    | 1 2 3 5 6 |  6.1
Shields        | 4 5 6 |  6.5
Fighting       | 4 5 6 |  6.0
Dodging        | 1 2 |  2.7
Armour         | 4 |  4.6

Action                   |  1- 3 |  4- 6 |  7- 9 | 10-12 || total
-------------------------+-------+-------+-------+-------++-------
Melee: War axe           |    78 |   122 |   257 |   164 ||   621
 Abil: Dig               |       |     2 |    10 |     2 ||    14
       Shaft Self        |       |       |     1 |     1 ||     2
  Use: Scroll            |       |     8 |     8 |     2 ||    18
       Potion            |       |     1 |     1 |       ||     2
Armor: Scale mail        |    37 |    35 |       |       ||    72
       Troll leather arm |       |    10 |    36 |    20 ||    66
Dodge: Dodged            |    25 |    44 |    93 |    34 ||   196
Block: Kite shield       |    37 |    84 |   123 |    64 ||   308
